 Dungeon Crawl Stone Soup version 0.28.0-53-g5a82cb258f (webtiles) character file.

Game seed: 90751176540404058

554 MiltankisOP the Cudgeller (level 7, -1/41 HPs)
             Began as a Gargoyle Fighter on June 14, 2022.
             Was a Follower of Okawaru.
             Slain by a +1 broad axe of speed (7 damage)
             ... created by the rancor of the Wu Jian Council
             ... on level 6 of the Dungeon.
             The game lasted 00:09:23 (3500 turns).

MiltankisOP the Cudgeller (Gargoyle Fighter)        Turns: 3500, Time: 00:09:23

Health: -1/41      AC: 18    Str: 22    XL:     7   Next: 30%
Magic:  7/7        EV: 10    Int:  8    God:    Okawaru [*.....]
Gold:   184        SH:  9    Dex:  9    Spells: 6/6 levels left

rFire   + . .      SeeInvis .   a - +0 flail
rCold   + . .      Faith    .   c - +0 buckler
rNeg    + . .      Spirit   .   x - +0 plate armour
rPois   ∞          Reflect  +   j - +0 helmet
rElec   +          Harm     .   q - scarf {rC+ rF+}
rCorr   .          Rampage  .   B - +0 pair of gloves
Will    .....                   (no boots)
Stlth   ..........              s - amulet of reflection
HPRegen 0.13/turn               f - +4 ring of slaying
MPRegen 0.10/turn               k - +4 ring of evasion

@: no status effects
A: sickness immunity, AC +4, negative energy resistance 1, electricity
resistance, torment resistance 1, petrification resistance
a: Renounce Religion, Heroism


You were on level 6 of the Dungeon.
You worshipped Okawaru.
Okawaru was aware of your devotion.
You visited 1 branch of the dungeon, and saw 6 of its levels.

You collected 184 gold pieces.

Inventory:

Hand Weapons
 a - a +0 flail (weapon)
Armour
 b - a +0 scale mail
 c - a +0 buckler (worn)
 h - a +0 chain mail
 j - a +0 helmet (worn)
 q - a scarf of resistance (worn)
 x - a +0 plate armour (worn)
 B - a +0 pair of gloves (worn)
Jewellery
 f - a +4 ring of slaying (left hand)
 k - a +4 ring of evasion (right hand)
 p - an amulet of magic regeneration
 s - an amulet of reflection (around neck)
 v - a +6 ring of intelligence
 D - a ring of positive energy
Wands
 y - a wand of mindburst (9)
Scrolls
 i - a scroll of fog
 o - 2 scrolls of identify
 r - a scroll of vulnerability {unknown}
 t - a scroll of noise
Potions
 d - a potion of might
 e - 2 potions of haste
 g - a potion of invisibility {unknown}
 l - 2 potions of heal wounds
 m - 3 potions of brilliance
 n - a potion of berserk rage {unknown}
 u - a potion of cancellation {unknown}
 z - a potion of lignification {unknown}
 A - 2 potions of degeneration {unknown}
 C - a potion of attraction {unknown}


   Skills:
 + Level 3.2 Fighting
 - Level 7.8 Maces & Flails
 - Level 3.2 Armour
 - Level 3.2 Shields


You had 6 spell levels left.
You didn't know any spells.
Your spell library contained the following spells:

 Spells                   Type           Power      Damage    Failure   Level
 Sandblast                Erth           0%         2d4       100%        1
 Passwall                 Tmut/Erth      0%         N/A       100%        2
 Conjure Flame            Conj/Fire      0%         6-21      100%        3
 Ignite Poison            Fire/Tmut/Pois 0%         N/A       100%        3
 Stone Arrow              Conj/Erth      0%         3d7       100%        3
 Sticky Flame             Conj/Fire      0%         2d3       100%        4
 Storm Form               Tmut/Air       0%         N/A       100%        7
 Maxwell's Capacitive Co  Air            0%         ∞         100%        8
 Summon Lightning Spire   Summ/Air       Unusable   N/A       N/A         4

Dungeon Overview and Level Annotations

Branches:
Dungeon (6/15)
 Temple: D:4-7

Altars:
Okawaru
Vehumet
Wu Jian

Shops:
D:4 :


Innate Abilities, Weirdness & Mutations

You are immune to sickness and miasma.
Your stone body is resilient. (AC +4)
You are immune to poison.
You resist negative energy. (rN+)
You are resistant to electric shocks. (rElec)
You are resistant to unholy torment.
You are immune to petrification.


Message History

You hear the brisk hiss of a distant avalanche of sand.
Sifu Yunchang whispers: Nowhere to run... 5 dancing weapons come into view.
There is a +4 quarterstaff of freezing.
There is a +3 broad axe of electrocution.
There is a +1 broad axe of speed.
There is a +1 quarterstaff of flaming.
There is a +2 glaive of freezing.
You barely miss the +2 glaive of freezing.
You thump the +2 glaive of freezing!
You destroy the +2 glaive of freezing!
That felt strangely unrewarding.
You block the +1 broad axe of speed's attack.
You barely miss the +1 quarterstaff of flaming.
You block the +1 quarterstaff of flaming's attack.
The +1 broad axe of speed hits you.
You hit the +1 quarterstaff of flaming.
The +1 quarterstaff of flaming is moderately damaged.
The +1 broad axe of speed hits you but does no damage.
You block the +1 quarterstaff of flaming's attack.
You block the +1 broad axe of speed's attack.
You hit the +1 quarterstaff of flaming but do no damage.
The +1 quarterstaff of flaming is moderately damaged.
You feel yourself speed up.
The +1 quarterstaff of flaming misses you.
The +1 broad axe of speed hits you!
The +1 quarterstaff of flaming hits you but does no damage.
You sock the +1 quarterstaff of flaming!
You destroy the +1 quarterstaff of flaming!
That felt strangely unrewarding.
The +1 broad axe of speed hits you!
The +1 broad axe of speed hits you but does no damage.
You thump the +3 broad axe of electrocution!
The +3 broad axe of electrocution is severely damaged.
You block the +1 broad axe of speed's attack.
You hit the +3 broad axe of electrocution but do no damage.
The +3 broad axe of electrocution is severely damaged.
The +3 broad axe of electrocution hits you!
* * * LOW HITPOINT WARNING * * *
The +1 broad axe of speed hits you but does no damage.
You barely miss the +3 broad axe of electrocution.
The +3 broad axe of electrocution is severely damaged.
The +3 broad axe of electrocution hits you but does no damage.
The +1 broad axe of speed hits you!
You die...

### #.# #.. #(# ##
#(# # ..). ####@#
.# #
.....#<##(##.#.#
...........#....###
#######....[†......
######......#
....... ......#
......+ ......#


You could see 3 dancing weapons.

Vanquished Creatures
  9 dancing weapons (D:6)
  A steam dragon (D:6)
  An ogre (D:5)
  A scorpion (D:5)
  Crazy Yiuf (D:2)
  2 iguanas
  2 orc wizards
  Robin (D:2)
  5 adders
  2 ufetubi
  2 worms
  A dart slug (D:1)
  8 orcs
  7 bats
  9 endoplasms
  3 giant cockroaches
  7 goblins
  6 hobgoblins
  5 kobolds
  2 quokkas
  7 ball pythons
  A frilled lizard (D:2)
  9 rats
92 creatures vanquished.

Vanquished Creatures (others)
  An iguana (D:6)
1 creature vanquished.

Grand Total: 93 creatures vanquished

Notes
Turn   | Place    | Note
-------+----------+-------------------------------------------
     0 | D:1      | MiltankisOP the Gargoyle Fighter began the quest for the
                  | Orb.
     0 | D:1      | Reached XP level 1. HP: 14/14 MP: 1/1
    68 | D:1      | Found a faded altar of an unknown god.
    76 | D:1      | Reached XP level 2. HP: 19/19 MP: 2/2
    89 | D:1      | Prayed at the altar of an unknown god.
    89 | D:1      | Became a worshipper of the Wu Jian Council
    89 | D:1      | Reached * piety under Wu Jian
   181 | D:1      | Reached skill level 3 in Maces & Flails
   413 | D:2      | Reached XP level 3. HP: 23/23 MP: 3/3
   413 | D:2      | Noticed Robin
   419 | D:2      | Killed Robin
   595 | D:2      | Reached skill level 4 in Maces & Flails
   595 | D:2      | Reached XP level 4. HP: 28/28 MP: 4/4
   598 | D:2      | Reached ** piety under Wu Jian
   679 | D:2      | Found a runed translucent door.
  1352 | D:2      | Noticed Crazy Yiuf
  1359 | D:2      | Killed Crazy Yiuf
  1360 | D:2      | Reached skill level 5 in Maces & Flails
  1360 | D:2      | Reached XP level 5. HP: 20/32 MP: 5/5
  1738 | D:3      | Found an iron altar of Okawaru.
  2304 | D:3      | Fell from the grace of Wu Jian
  2304 | D:3      | Became a worshipper of Warmaster Okawaru
  2402 | D:4      | Found Quosokhe's Book Emporium.
  2482 | D:4      | Reached skill level 6 in Maces & Flails
  2628 | D:4      | Noticed a +4 broad axe of freezing
  2628 | D:4      | Noticed a +2 glaive of freezing
  2628 | D:4      | Noticed a +4 vorpal great sword
  2628 | D:4      | Noticed a +2 quarterstaff of flaming
  2628 | D:4      | Noticed a +3 great sword of speed
  2960 | D:5      | Entered Level 5 of the Dungeon
  2975 | D:5      | Found a radiant altar of Vehumet.
  2990 | D:5      | Reached XP level 6. HP: 29/37 MP: 6/6
  3111 | D:5      | Reached * piety under Okawaru
  3112 | D:5      | Reached skill level 7 in Maces & Flails
  3156 | D:5      | Noticed a +4 dire flail of speed
  3156 | D:5      | Noticed a +0 great sword of speed
  3156 | D:5      | Noticed a +2 vorpal dire flail
  3156 | D:5      | Noticed a +2 dire flail of freezing
  3156 | D:5      | Noticed a +1 vorpal quarterstaff
  3170 | D:6      | Noticed a steam dragon
  3184 | D:6      | Killed a steam dragon
  3185 | D:6      | Reached XP level 7. HP: 38/41 MP: 7/7
  3195 | D:6      | Noticed a +2 rapier of freezing
  3195 | D:6      | Noticed a +3 quarterstaff of flaming
  3195 | D:6      | Noticed a +4 broad axe of freezing
  3210 | D:6      | Killed a +2 rapier of freezing
  3214 | D:6      | Killed a +3 quarterstaff of flaming
  3218 | D:6      | Killed a +4 broad axe of freezing
  3385 | D:6      | Noticed a +3 rapier of electrocution
  3385 | D:6      | Noticed a +4 rapier of freezing
  3385 | D:6      | Noticed a +1 dire flail of speed
  3385 | D:6      | Noticed a +1 great sword of electrocution
  3387 | D:6      | Killed a +1 great sword of electrocution
  3388 | D:6      | Killed a +3 rapier of electrocution
  3391 | D:6      | Killed a +4 rapier of freezing
  3393 | D:6      | Killed a +1 dire flail of speed
  3492 | D:6      | Noticed a +4 quarterstaff of freezing
  3492 | D:6      | Noticed a +3 broad axe of electrocution
  3492 | D:6      | Noticed a +1 broad axe of speed
  3492 | D:6      | Noticed a +1 quarterstaff of flaming
  3492 | D:6      | Noticed a +2 glaive of freezing
  3493 | D:6      | Killed a +2 glaive of freezing
  3497 | D:6      | Killed a +1 quarterstaff of flaming
  3500 | D:6      | Slain by a +1 broad axe of speed

Illustrated notes

Levels and vault maps discovered:
D:1:      wander_arrival_abandoned_jail, layout_rooms,
          ebering_ecumenical_altar_mist, minmay_tetromino_i4
D:2:      kennysheep_big_flooded_room, layout_loops_ring, minmay_joined_circles,
          uniq_crazy_yiuf_cottage, uniq_robin
D:3:      layout_basic, general_overflow_altar
D:4:      layout_rooms, serial_shops, nicolae_shop_waterfront,
          minmay_misc_feat_encased, nicolae_elevator_lobby_plus
D:5:      layout_rooms, mainiacjoe_overflow_chevrons, columned_hall_lemuel,
          chequers_serial_rivers_micro_a
D:6:      layout_basic, kennysheep_mini_moat, nicolae_ru_sacrificial_ziggurat,
          minmay_temple_entry_metal_lava, nicolae_ossuary_entry_plus,
          uniq_sigmund

Skill      XL: |  1  2  3  4  5  6 |
---------------+-------------------+-----
Maces & Flails | 3 4 5 6 7 |  7.8
Fighting       | |  3.2
Armour         | |  3.2
Shields        | |  3.2

Action                   |  1- 3 |  4- 6 |  7- 9 || total
-------------------------+-------+-------+-------++-------
Melee: Flail             |    76 |   145 |    34 ||   255
Invok: Lunge             |     7 |     4 |       ||    11
  Use: Scroll            |       |     8 |       ||     8
       Potion            |       |     1 |       ||     1
Armor: Scale mail        |    14 |       |       ||    14
       Chain mail        |    27 |    20 |       ||    47
       Plate armour      |       |    43 |    21 ||    64
Dodge: Dodged            |    29 |    64 |     7 ||   100
Block: Buckler           |    11 |    42 |    12 ||    65
